 Dungeon Crawl Stone Soup version 0.23-a0-636-g0ff6057 (webtiles) character file.

7666 TheGoonsmith the Arsonist (level 11, 0/64 HPs)
             Began as a Gargoyle Fire Elementalist on Dec 28, 2018.
             Was a Priest of Vehumet.
             Slain by Snorg (10 damage)
             ... on level 10 of the Dungeon.
             The game lasted 00:20:46 (10338 turns).

TheGoonsmith the Arsonist (GrFE)                   Turns: 10338, Time: 00:20:46

Health: 0/64       AC: 17    Str: 11    XL:     11   Next: 18%
Magic:  11/23      EV: 17    Int: 20    God:    Vehumet [***...]
Gold:   714        SH:  0    Dex: 18    Spells: 13/26 levels left

rFire    + . .     SeeInvis .   q - +1 long sword
rCold    . . .     Gourm    .   (no shield)
rNeg     + . .     Faith    .   p - +1 leather armour {rF+}
rPois    ∞         Spirit   .   (no helmet)
rElec    +         Reflect  .   B - +1 cloak {rPois}
rCorr    .         Harm     .   j - +2 pair of gloves
MR       .....                  (no boots)
Stlth    +++.......             (no amulet)
HPRegen  0.20/turn              v - +3 ring of dexterity
MPRegen  0.18/turn              (no ring)

@: agile
A: negative energy resistance 1, electricity resistance, unbreathing,
petrification resistance, rot immunity, AC +8
a: Renounce Religion


You were on level 10 of the Dungeon.
You worshipped Vehumet.
Vehumet was most pleased with you.
You were hungry.

You visited 2 branches of the dungeon, and saw 11 of its levels.
You also visited: Bailey.

You collected 714 gold pieces.

Inventory:

Hand Weapons
 e - a +0 club
 l - a +1 rapier of venom
 q - a +1 long sword (weapon)
Armour
 a - a +0 robe
 j - a +2 pair of gloves (worn)
 p - a +1 leather armour of fire resistance (worn)
 x - a +1 cloak
 B - a +1 cloak of poison resistance (worn)
Magical Staves
 C - an uncursed staff of conjuration {unknown}
Jewellery
 v - a +3 ring of dexterity (left hand)
Wands
 b - a wand of disintegration (6)
 r - a wand of paralysis (8)
 w - a wand of enslavement (14)
 y - a wand of flame (10)
Scrolls
 d - 5 scrolls of remove curse
 h - 6 scrolls of teleportation
 n - 3 scrolls of enchant weapon
 A - 2 scrolls of enchant armour
 D - 2 scrolls of identify
 E - 2 scrolls of amnesia
 G - a scroll of fog {unknown}
 H - a scroll of immolation {unknown}
Potions
 f - 5 potions of curing
 g - 3 potions of agility
 i - a potion of resistance {unknown}
 k - 5 potions of flight {unknown}
 m - a potion of invisibility
 o - 4 potions of cancellation
 s - a potion of degeneration {unknown}
 t - 2 potions of magic {unknown}
 u - 3 potions of lignification {unknown}
 z - a potion of brilliance {unknown}
Comestibles
 c - 24 rations
 F - 2 chunks of flesh


   Skills:
 - Level 6.1 Fighting
 - Level 4.5 Long Blades
 - Level 4.0 Armour
 - Level 1.5 Dodging
 - Level 2.1 Stealth
 + Level 8.1 Spellcasting
 + Level 9.0 Conjurations
 - Level 9.1 Fire Magic


You had 13 spell levels left.
You knew the following spells:

 Your Spells              Type           Power        Failure   Level  Hunger
a - Flame Tongue          Conj/Fire      #####        1%          1    None
c - Conjure Flame         Conj/Fire      #####...     1%          3    None
f - Fireball              Conj/Fire      #####.....   1%          5    #####..
s - Sticky Flame          Conj/Fire      #####...     1%          4    ###....

Your spell library contained the following spells:

 Spells                   Type           Power        Failure   Level  Hunger
 Static Discharge         Conj/Air       ####....     1%          3    None
 Magic Dart               Conj           ####         1%          1    None
 Throw Flame              Conj/Fire      #####.       1%          2    None
 Dazzling Spray           Conj/Hex       ####..       1%          3    None
 Inner Flame              Hex/Fire       ####....     1%          3    None
 Mephitic Cloud           Conj/Pois/Air  ###.....     2%          3    None
 Corona                   Hex            #......      11%         1    None
 Summon Small Mammal      Summ           #...         11%         1    None
 Blink                    Tloc           N/A          16%         2    None
 Call Imp                 Summ           #.......     16%         2    None
 Ensorcelled Hibernation  Hex/Ice        #.....       16%         2    None
 Slow                     Hex            #.......     16%         2    None
 Call Canine Familiar     Summ           #.......     32%         3    None
 Confuse                  Hex            #.......     32%         3    None
 Summon Guardian Golem    Hex/Summ       #.......     32%         3    None
 Tukima's Dance           Hex            #.......     32%         3    None
 Summon Ice Beast         Ice/Summ       #.......     71%         4    ###....
 Summon Lightning Spire   Summ/Air       #.......     71%         4    ###....


Dungeon Overview and Level Annotations

Branches:
Dungeon (10/15)            Temple (1/1) D:4
   Lair: D:8-11         Orc: D:9-12

Altars:
Ashenzari
Cheibriados
Dithmenos
Elyvilon
Fedhas
Gozag
Hepliaklqana
Kikubaaqudgha
Makhleb
Nemelex Xobeh
Okawaru
Qazlal
Ru
Sif Muna
Trog
Uskayaw
Vehumet
Wu Jian
Xom
Yredelemnul
Zin
The Shining One

Shops:
D:5 }

Annotations:
D:10 Snorg


Innate Abilities, Weirdness & Mutations

You are resistant to torment.
Your stone body is resilient. (AC +8)
You are immune to poison.
You resist negative energy. (rN+)
You are resistant to electric shocks. (rElec)
You can survive without breathing.
You are immune to petrification.
You are immune to rotting.


Message History

Casting: Sticky Flame (safe; 1% risk of failure)
Confirm with . or Enter, or press ? or * to list all spells.
Aiming: Sticky Flame (safe; 1% risk of failure)
Press: ? - help, Shift-Dir - straight line, f/p - Snorg
Aim: Snorg (heavily wounded, berserk, fast, unusually strong)
The sticky flame hits Snorg.
Snorg is heavily wounded.
Snorg is covered in liquid flames!
Snorg burns!
Snorg bites you.
* * * LOW HITPOINT WARNING * * *
Snorg claws you.
* * * LOW HITPOINT WARNING * * *
Snorg misses you.
Okay, then.
Okay, then.
You feel better.
Snorg burns!
Snorg completely misses you. Snorg claws you.
* * * LOW HITPOINT WARNING * * *
Snorg misses you. x2; You riposte.
You slash Snorg!
Snorg is heavily wounded.
Snorg misses you. Snorg claws you!
You die...

..#⌠.##'##.⌠...#
...
...........#....#
#.......#####.#
#.......# .#
+..._...+ . #
#.......# . #.
##.......## .. ^.
#.........# #.
#⌠@##+##.⌠#
#%##T# ####
#....# ###......#
##..#### #....
######


You could see Snorg (berserk).

Vanquished Creatures
  Erica (D:8)
  2 two-headed ogres (D:10)
  Sonja (D:10)
  Pikel (D:7)
  Grinder (D:3)
  3 hippogriffs
  2 wyverns
  A spriggan (D:7)
  Menkaure (D:7)
  An ice beast (D:5)
  3 slaves
  6 orc warriors
  An ogre (D:7)
  A phantom (D:10)
  3 centaurs
  A big kobold (D:9)
  3 bullfrogs
  A water moccasin zombie (D:5)
  A gnoll sergeant (D:10)
  4 scorpions
  2 water moccasin skeletons (D:9)
  5 killer bees (D:8)
  A bullfrog zombie (D:8)
  2 howler monkeys (D:4)
  A quasit (D:5)
  7 crimson imps
  2 hounds
  A jelly (D:8)
  A bullfrog skeleton (D:7)
  6 orc priests
  11 orc wizards
  A centaur skeleton (D:5)
  6 worker ants
  A worker ant zombie (D:7)
  3 gnolls (D:10)
  12 adders
  A shadow imp (D:6)
  3 adder skeletons
  A worm (D:2)
  A dart slug (D:2)
  4 leopard geckos
  34 orcs
  5 giant cockroaches
  11 goblins
  6 hobgoblins
  6 jackals (D:3)
  A quokka (D:9)
  9 bats
  4 frilled lizards
  A jackal skeleton (D:4)
  11 kobolds
  A quokka zombie (D:5)
  5 rats
204 creatures vanquished.

Notes
Turn   | Place    | Note
-------+----------+-------------------------------------------
     0 | D:1      | TheGoonsmith the Gargoyle Fire Elementalist began the quest
                  | for the Orb.
     0 | D:1      | Reached XP level 1. HP: 10/10 MP: 3/3
   339 | D:1      | Reached XP level 2. HP: 9/15 MP: 1/5
   842 | D:2      | Reached XP level 3. HP: 16/19 MP: 0/6
  1105 | D:2      | Reached XP level 4. HP: 24/24 MP: 4/8
  1893 | D:3      | Found an opulent altar of Gozag.
  1903 | D:3      | Reached XP level 5. HP: 18/28 MP: 3/9
  2153 | D:3      | Found a white marble altar of Elyvilon.
  2265 | D:3      | Found a deep blue altar of Sif Muna.
  2401 | D:3      | Noticed Grinder
  2409 | D:3      | Paralysed by Grinder for 5 turns
  2641 | D:3      | Paralysed by Grinder for 3 turns
  2651 | D:3      | Killed Grinder
  2651 | D:3      | Reached skill level 5 in Fire Magic
  2651 | D:3      | Reached XP level 6. HP: 32/32 MP: 2/10
  2745 | D:3      | Found a stormy altar of Qazlal.
  2748 | D:3      | Found a glowing silver altar of Zin.
  2751 | D:3      | Found a blossoming altar of Fedhas.
  3080 | D:3      | Learned a level 4 spell: Sticky Flame
  3084 | D:3      | Learned a level 3 spell: Conjure Flame
  3122 | D:4      | Found a sacrificial altar of Ru.
  3170 | D:4      | Reached skill level 5 in Conjurations
  3235 | D:4      | Found a staircase to the Ecumenical Temple.
  3243 | Temple   | Entered the Ecumenical Temple
  3284 | Temple   | Became a worshipper of Vehumet
  3429 | D:4      | Reached XP level 7. HP: 35/37 MP: 3/11
  3751 | D:4      | Reached skill level 1 in Fighting
  4433 | D:5      | Entered Level 5 of the Dungeon
  4544 | D:5      | Found a shadowy altar of Dithmenos.
  4813 | D:5      | Found Muanlik's Gadget Boutique.
  4996 | D:5      | Learned a level 5 spell: Fireball
  5261 | D:6      | Reached XP level 8. HP: 45/46 MP: 5/14
  5878 | D:7      | Noticed a hippogriff
  5883 | D:7      | Killed a hippogriff
  5980 | D:7      | Found a shimmering altar of Xom.
  6061 | D:7      | Noticed Menkaure
  6066 | D:7      | Killed Menkaure
  6083 | D:7      | Found a bloodstained altar of Trog.
  6353 | D:7      | Found a hide-covered altar of Uskayaw.
  6357 | D:7      | You fall through a shaft for 3 floors!
  6357 | D:10     | Entered Level 10 of the Dungeon
  6366 | D:10     | Reached skill level 5 in Spellcasting
  6483 | D:9      | Reached XP level 9. HP: 52/52 MP: 13/16
  6531 | D:9      | Found a flagged portal.
  6546 | Bailey   | Entered a bailey
  6582 | Bailey   | Reached * piety under Vehumet
  6582 | Bailey   | Offered knowledge of Freeze by Vehumet.
  6725 | Bailey   | Reached skill level 1 in Long Blades
  7609 | D:9      | Reached skill level 5 in Fighting
  8328 | D:8      | Noticed Pikel
  8738 | D:7      | Killed Pikel
  8738 | D:7      | Reached XP level 10. HP: 34/60 MP: 15/20
  9021 | D:8      | Reached ** piety under Vehumet
  9092 | D:8      | Offered knowledge of Throw Frost by Vehumet.
  9312 | D:8      | Noticed Erica
  9321 | D:8      | Killed Erica
  9668 | D:8      | Found a burning altar of Makhleb.
  9858 | D:10     | Noticed a two-headed ogre
  9867 | D:10     | Killed a two-headed ogre
  9883 | D:10     | Noticed a two-headed ogre
  9889 | D:10     | Killed a two-headed ogre
  9889 | D:10     | Offered knowledge of Static Discharge by Vehumet.
  9889 | D:10     | Reached XP level 11. HP: 31/64 MP: 0/23
 10062 | D:10     | Reached skill level 1 in Armour
 10110 | D:10     | Noticed Sonja
 10114 | D:10     | Killed Sonja
 10270 | D:10     | Reached *** piety under Vehumet
 10317 | D:10     | Found a shattered altar of Ashenzari.
 10329 | D:10     | Noticed Snorg
 10338 | D:10     | Slain by Snorg

Vault maps used:
D:1:      noname_arrival_rooms_in_the_neighbourhood
D:2:      minmay_chambers_of_ones, first_ration, minmay_hedge_maze,
          chequers_mini_garden
D:3:      led_sif_pool, grunt_temple_overflow_diamond,
          nicolae_gozag_seed_capital, minivault_27, elyvilon_altar_1,
          uniq_grinder
D:4:      kennysheep_little_box, minmay_temple_entry_overgrown,
          serial_co_window_serial, co_window_corner_a,
          co_window_of_opportunity_a, co_window_corner_a,
          co_window_of_opportunity_a, co_window_paths_a, co_window_paths_a,
          co_window_paths_b, co_window_cross_4, co_window_corner_cb,
          co_window_unsneaky_path_c, glass_columns_a, glass_columns_b,
          glass_columns_a, glass_columns_b, glass_columns_a
D:5:      nicolae_overflow_crystal_walls, serial_shops, shop_coins
D:6:      mrwooster_statue_mirror
D:7:      lemuel_crystal_altar, lemuel_crystal_altar, basic_altar, the_bakery,
          uniq_menkaure
D:8:      makhleb_grotto_becter, uniq_erica, uniq_pikel
D:9:      enter_bailey_3
D:10:     cheibrodos_ideogram_h, evilmike_ruin_ashenzari, uniq_sonja, uniq_snorg
Temple:   chequers_temple_sunken
Bailey:   bailey_polearm_1, bailey

Skill      XL: |  1  2  3  4  5  6  7  8  9 10 11 |
---------------+----------------------------------+-----
Conjurations   | 2 3 4 5 6 8 9 |  9.0
Spellcasting   | 3 4 5 6 8 |  8.1
Fire Magic     | 4 5 6 7 9 |  9.1
Fighting       | 3 4 6 |  6.1
Long Blades    | 2 4 |  4.5
Armour         | 4 |  4.0
Dodging        | |  1.5
Stealth        | |  2.1

Action                   |  1- 3 |  4- 6 |  7- 9 | 10-12 || total
-------------------------+-------+-------+-------+-------++-------
Melee: Unarmed           |    17 |       |       |       ||    17
       Club              |    22 |       |       |       ||    22
       Rapier            |       |    33 |       |       ||    33
       Long sword        |       |       |    99 |   133 ||   232
 Cast: Flame Tongue      |    33 |   107 |   201 |   108 ||   449
       Sticky Flame      |       |       |    13 |    10 ||    23
       Conjure Flame     |       |       |     3 |       ||     3
       Fireball          |       |       |     1 |    10 ||    11
  Use: Potion            |       |     1 |       |     2 ||     3
       Scroll            |       |     9 |     4 |       ||    13
 Stab: Sleeping          |       |     1 |       |       ||     1
  Eat: Chunk             |       |     5 |    12 |     8 ||    25
       Ration            |       |     1 |     2 |       ||     3
Armor: Robe              |    12 |    49 |    10 |       ||    71
       Leather armour    |       |       |   102 |   108 ||   210
Dodge: Dodged            |    31 |    65 |   122 |   114 ||   332
       Rpst.: Long sword |       |     3 |    31 |    42 ||    76

Table legend:
 A = Non-vault XP
 B = Vault XP
 C = Vault XP percentage of total XP
 D = Non-vault monster count
 E = Vault monster count
 F = Vault count percentage of total count
                 A         B        C        D         E       F
            +---------+---------+-------+---------+---------+-------
      Total |    7236 |    3716 |  33.9 |     170 |      31 |  15.4
            +---------+---------+-------+---------+---------+-------
        D:1 |      15 |       0 |   0.0 |       9 |       0 |   0.0
        D:2 |      97 |      11 |  10.2 |      23 |       5 |  17.9
        D:3 |     123 |     277 |  69.2 |      22 |       1 |   4.3
        D:4 |     327 |       0 |   0.0 |      13 |       0 |   0.0
        D:5 |     330 |       0 |   0.0 |       6 |       0 |   0.0
        D:6 |     237 |       0 |   0.0 |      10 |       0 |   0.0
        D:7 |     910 |    1041 |  53.4 |      12 |       3 |  20.0
        D:8 |    1401 |    1018 |  42.1 |      32 |       2 |   5.9
        D:9 |     861 |       8 |   0.9 |      21 |       4 |  16.0
       D:10 |    2935 |     802 |  21.5 |      22 |       1 |   4.3
     Bailey |       0 |     559 | 100.0 |       0 |      15 | 100.0
            +---------+---------+-------+---------+---------+-------
